 Dungeon Crawl Stone Soup version 0.22-a0-407-gb098539 (webtiles) character file.

99213 Mgcat the Scorcher (level 15, -10/89 HPs)
             Began as a Deep Elf Fire Elementalist on May 8, 2018.
             Was the Champion of Vehumet.
             Mangled by an emperor scorpion (24 damage)
             ... on level 1 of the Spider Nest on May 9, 2018.
             The game lasted 02:44:35 (35196 turns).

Mgcat the Scorcher (Deep Elf Fire Elementalist)    Turns: 35196, Time: 02:44:35

Health: -10/89     AC: 13    Str:  5    XL:     15   Next: 77%
Magic:  36/43      EV: 13    Int: 35    God:    Vehumet [******]
Gold:   992        SH:  0    Dex: 13    Spells: 1/40 levels left

rFire    + . .     SeeInvis .   N - staff of wizardry {wiz+, !a}
rCold    . . .     Gourm    .   (no shield)
rNeg     . . .     Faith    .   F - +1 ring mail of Morality {rPois MP+9 Int+8 Dex-2}
rPois    +         Spirit   .   g - +2 hat {MR+}
rElec    .         Reflect  .   L - scarf {cloud immunity}
rCorr    .         Harm     .   G - +2 pair of gloves
MR       ++...                  y - +1 pair of boots
Stlth    ++++......             R - amulet of regeneration {+regen, !d}
HPRegen  0.64/turn              z - ring of protection from cold {rC+, !d}
MPRegen  0.28/turn              v - ring of fire {rF+, rC-}

@: hasted, very quick
A: no striking features
a: Renounce Religion


You were on level 1 of the Spider Nest.
You worshipped Vehumet.
Vehumet was exalted by your worship.
You were not hungry.

You visited 4 branches of the dungeon, and saw 24 of its levels.

You collected 2340 gold pieces.
You spent 1348 gold pieces at shops.

Inventory:

Hand Weapons
 U - the +3 broad axe of Gaoceaf {chop, Str+2 Dex+9}
   (You found it on level 4 of the Lair of Beasts)

   It inflicts extra damage upon your enemies.
   It affects your strength (+2).
   It affects your dexterity (+9).
Missiles
 j - 2 throwing nets {=f, !d}
Armour
 g - a +2 hat of magic resistance (worn)
   (You took it off Gastronok on level 1 of the Lair of Beasts)
 s - a +2 robe of magic resistance
   (You took it off Psyche on level 8 of the Dungeon)
 y - a +1 pair of boots (worn)
   (You found it on level 1 of the Lair of Beasts)
 F - the +1 ring mail of Morality (worn) {rPois MP+9 Int+8 Dex-2}
   (You bought it in a shop on level 14 of the Dungeon)

   It affects your intelligence (+8).
   It affects your dexterity (-2).
   It protects you from poison.
   It affects your magic capacity (+9).
 G - a +2 pair of gloves (worn)
   (You found it on level 10 of the Dungeon)
 L - a scarf of cloud immunity (worn)
   (You found it on level 2 of the Lair of Beasts)
 Y - a +0 buckler
   (You bought it in a shop on level 15 of the Dungeon)
Magical Staves
 N - an uncursed staff of wizardry (weapon) {wiz+, !a}
   (You found it on level 2 of the Lair of Beasts)
Jewellery
 k - an uncursed ring of poison resistance {rPois, !d}
   (You found it on level 1 of the Dungeon)
 o - an uncursed ring of flight {+Fly, !d}
   (You found it on level 15 of the Dungeon)
 v - a ring of fire (right hand) {rF+, rC-}
   (You found it on level 8 of the Dungeon)
 z - a ring of protection from cold (left hand) {rC+, !d}
   (You found it on level 13 of the Dungeon)
 H - an uncursed ring of ice {rC+, rF-}
   (You took it off Fannar on level 1 of the Lair of Beasts)
 R - an amulet of regeneration (around neck) {+regen, !d}
   (You found it on level 5 of the Lair of Beasts)
 X - an uncursed ring of resist corrosion
   (You found it on level 14 of the Dungeon)
Wands
 a - a wand of paralysis (10)
   (You found it on level 15 of the Dungeon)
 u - a wand of iceblast (35)
   (You found it on level 5 of the Dungeon)
 M - a wand of acid (8)
   (You found it on level 2 of the Lair of Beasts)
Scrolls
 h - 5 scrolls of teleportation
 p - 4 scrolls of remove curse
 x - 12 scrolls of identify
 D - 4 scrolls of fog
 I - 3 scrolls of immolation {!r}
 Q - 2 scrolls of fear
Potions
 b - 3 potions of haste
 d - 3 potions of flight
 e - 2 potions of agility
 f - 3 potions of brilliance
 i - 3 potions of lignification {!q}
 l - 4 potions of curing
 n - 2 potions of invisibility
 q - 3 potions of might
 r - 3 potions of heal wounds
 O - a potion of cancellation
 P - 2 potions of mutation {!q}
 S - a potion of resistance
 V - a potion of ambrosia
Comestibles
 c - 34 rations
 m - 3 chunks of flesh {@w0}


   Skills:
 + Level 8.4 Fighting
 + Level 2.8 Armour
 - Level 11.3 Dodging
 - Level 10.0 Stealth
 + Level 2.5 Shields
 - Level 13.3 Spellcasting
 - Level 10.8 Conjurations
 - Level 8.0 Hexes
 + Level 17.3 Fire Magic
 + Level 9.1 Ice Magic


You had one spell level left.
You knew the following spells:

 Your Spells              Type           Power        Failure   Level  Hunger
a - Throw Flame           Conj/Fire      ######       1%          2    None
b - Conjure Flame         Conj/Fire      ########     1%          3    None
c - Sticky Flame          Conj/Fire      ########     1%          4    None
d - Fireball              Conj/Fire      ########..   1%          5    None
e - Bolt of Fire          Conj/Fire      ########..   1%          6    ###....
f - Ignition              Fire           ########..   4%          8    ######.
g - Freeze                Ice            ####         1%          1    None
h - Cause Fear            Hex            ######....   1%          4    None
i - Bolt of Cold          Conj/Ice       #######...   2%          6    ###....


Dungeon Overview and Level Annotations

Branches:
Dungeon (15/15)            Temple (0/1) D:5            Lair (6/6) D:9
 Shoals (0/4) Lair:3       Spider (1/4) Lair:2        Slime (0/5) Lair:5
    Orc (2/2) D:9             Elf (0/3) Orc:2        Vaults (0/5) D:14
 Depths (0/5) D:15

Altars:
Cheibriados
Elyvilon
Fedhas
Hepliaklqana
Okawaru
Qazlal
Ru
Trog
Uskayaw
Vehumet
Wu Jian
Xom
Yredelemnul
The Shining One
Beogh
Jiyva

Shops:
D:8 *   D:14 [   D:15 [   Orc:1 *   Orc:2 :%*!

Annotations:
D:10 1 exclusion, medis's ghost, journeyman HOFi
Lair:6 exclusion: door


Message History

Casting: Ignition (slightly dangerous; 4% risk of failure)
Confirm with . or Enter, or press ? or * to list all spells.
You feel a surge of power!
The air bursts into flame!
The fireball engulfs the hornet.
You kill the hornet!
Vehumet accepts your kill.
You feel your power returning.
The fireball engulfs the hornet.
You kill the hornet!
Vehumet accepts your kill.
You feel your power returning.
The fireball engulfs the orb spider.
The orb spider is heavily wounded.
The fireball engulfs the jumping spider.
You kill the jumping spider!
Vehumet accepts your kill.
You feel your power returning.
You hear an angry hiss. x2; You hear an angry buzzing noise.
Casting: Ignition (slightly dangerous; 4% risk of failure)
Confirm with . or Enter, or press ? or * to list all spells.
Aiming: Fireball (safe; 1% risk of failure)
Press: ? - help, Shift-Dir - straight line, f - orb spider
Aim: an orb spider (heavily wounded, fully charged)
You feel a surge of power!
The fireball explodes!
The fireball engulfs the orb spider.
You kill the orb spider!
Vehumet accepts your kill.
You hear an angry hiss.
An emperor scorpion comes into view.
Casting: Fireball (safe; 1% risk of failure)
Confirm with . or Enter, or press ? or * to list all spells.
Aiming: Fireball (safe; 1% risk of failure)
Press: ? - help, Shift-Dir - straight line You feel a surge of power!
The fireball explodes!
The fireball engulfs the emperor scorpion.
The emperor scorpion is lightly wounded.
You hear an angry hiss. x2
The jumping spider leaps!
A wolf spider comes into view.
Casting: Fireball (safe; 1% risk of failure)
Confirm with . or Enter, or press ? or * to list all spells.
Aiming: Fireball (safe; 1% risk of failure)
Press: ? - help, Shift-Dir - straight line You feel a surge of power!
The fireball explodes!
The fireball engulfs the emperor scorpion.
The emperor scorpion is lightly wounded.
The fireball engulfs the wolf spider.
The wolf spider is lightly wounded.
The wolf spider hisses angrily.
Casting: Fireball (safe; 1% risk of failure)
Confirm with . or Enter, or press ? or * to list all spells.
Aiming: Fireball (safe; 1% risk of failure)
Press: ? - help, Shift-Dir - straight line
Okay, then.
Unknown command.
Unknown command.
You climb upwards.
Welcome back to the Lair of Beasts!
There is a hole to the Spider Nest here.
You start resting.
Your magical contamination has completely faded away.
You start resting.
Eating one of 4 chunks of flesh {@w0}.
You eat one of the 4 chunks of flesh {@w0}.
This raw flesh tastes terrible.
Magic restored.
You start resting.
Magic restored.
You climb downwards.
Welcome back to the Spider Nest!
This branch contains the gossamer rune of Zot.
A jumping spider comes into view.
The wolf spider hits you. The wolf spider bites you.
The emperor scorpion stings you but does no damage.
The emperor scorpion claws you. The emperor scorpion misses you.
The wolf spider hits you! The wolf spider barely misses you.
There is a crawl-hole back to the Lair, spattered with blood here.
Casting: Fireball (safe; 1% risk of failure)
Confirm with . or Enter, or press ? or * to list all spells.
You feel a surge of power!
The air bursts into flame!
The fireball engulfs the wolf spider.
The wolf spider is severely wounded.
The fireball engulfs the jumping spider.
You kill the jumping spider!
Vehumet accepts your kill.
You feel your power returning.
The fireball engulfs the emperor scorpion.
The emperor scorpion is lightly wounded.
The wolf spider hits you! The wolf spider bites you!
The emperor scorpion stings you!! The emperor scorpion claws you.
* * * LOW HITPOINT WARNING * * *
The emperor scorpion claws you but does no damage.
You feel much better. The wolf spider hits you!
The wolf spider bites you but does no damage.
The emperor scorpion closely misses you.
The emperor scorpion claws you! The emperor scorpion barely misses you.
The wolf spider closely misses you.
The wolf spider bites you but does no damage.
You feel yourself speed up. The wolf spider hits you!
* * * LOW HITPOINT WARNING * * *
The wolf spider bites you.
* * * LOW HITPOINT WARNING * * *
The emperor scorpion stings you!!
You die...

.......#≈≈.#
.......≈†††
........... ≈
.......... #≈#
##.....†...
^.≈?#..........
......s..=.....
.......@...†>.#
#......s......#
#.............#
##.#≈#........#
# ##.†.......#
...........
........#.#
###..≈.....#


You could see an emperor scorpion and a wolf spider.

Vanquished Creatures
  Gastronok (Lair:1)
  A fire giant (D:15)
  2 entropy weavers (Lair:4)
  3 dire elephants (Lair:6)
  Josephine (Orc:2)
  Snorg (Lair:6)
  2 ogre magi (Orc:2)
  Erolcha (D:10)
  Fannar (Lair:1)
  8 hydras
  A death knight (D:15)
  A tengu warrior (D:15)
  The ghost of Borgoz the Cleaver, a journeyman GrAK of Lugonu (D:12)
  10 two-headed ogres
  A centaur warrior (D:14)
  A queen ant (Lair:4)
  A fire crab (shapeshifter) (D:14)
  5 skeletal warriors
  2 deep trolls
  3 unseen horrors
  A wizard (D:15)
  A wolf spider zombie (D:12)
  An obsidian statue (D:15)
  An orc knight (D:15)
  2 phantasmal warriors (D:15)
  5 oklob plants
  11 ugly things
  3 cyclopes
  An orc sorcerer (Orc:2)
  2 orb spiders
  A manticore (D:15)
  7 elephants
  8 spiny frogs
  4 black mambas
  Psyche (D:8)
  3 gargoyles
  Joseph (D:7)
  An efreet (D:15)
  A kobold demonologist (D:11)
  10 komodo dragons
  A rime drake (Lair:6)
  A tengu conjurer (D:15)
  5 jumping spiders (Spider:1)
  A wind drake (shapeshifter) (D:13)
  A troll (shapeshifter) (D:14)
  A wolf spider simulacrum (D:15)
  2 queen bees
  15 trolls
  4 hornets
  9 blink frogs
  5 dream sheep (Lair:6)
  9 hippogriffs
  6 slime creatures (D:13)
  A snapping turtle (Lair:3)
  7 redbacks (Spider:1)
  6 wraiths
  38 yaks
  A redback (shapeshifter) (D:15)
  5 shadows
  4 wyverns
  4 fire bats (Lair:6)
  3 basilisks
  2 hungry ghosts
  6 vampire mosquitoes
  2 wargs
  5 acid dragons
  27 soldier ants
  7 water moccasins
  8 porcupines
  16 orc warriors
  3 sky beasts
  A black bear (shapeshifter) (D:14)
  3 black bears
  An eye of draining (D:10)
  3 ice beasts
  2 phantoms
  26 ogres
  6 centaurs
  15 crocodiles
  2 big kobolds (D:11)
  18 bullfrogs
  4 scorpions
  49 killer bees
  9 wights
  3 electric eels
  A howler monkey (D:6)
  7 centaur zombies
  3 crimson imps
  A lava snake (D:14)
  A bullfrog zombie (D:10)
  A quasit (D:11)
  3 hounds
  5 jellies
  7 orc priests
  4 centaur skeletons
  6 hell rats
  7 iguanas
  Terence (D:2)
  22 orc wizards
  27 worker ants
  A killer bee zombie (D:7)
  A hound zombie (D:4)
  A hound skeleton (D:5)
  A worker ant zombie (D:10)
  8 gnolls
  13 adders
  7 river rats (Lair:1)
  3 shadow imps
  12 white imps (D:15)
  An adder skeleton (D:5)
  6 worms
  2 dart slugs (D:1)
  8 leopard geckos
  62 orcs
  6 giant cockroaches
  4 goblins
  8 hobgoblins
  19 jackals
  18 kobolds
  3 quokkas
  4 ball pythons
  A ball python skeleton (D:4)
  5 bats
  3 frilled lizards
  A giant cockroach zombie (D:5)
  A leopard gecko skeleton (D:4)
  8 rats
  3 fungi
  11 plants
776 creatures vanquished.

Vanquished Creatures (collateral kills)
  An anaconda (Lair:6)
1 creature vanquished.

Vanquished Creatures (others)
  13 fungi
  12 plants
25 creatures vanquished.

Grand Total: 802 creatures vanquished

Notes
Turn   | Place    | Note
-------+----------+-------------------------------------------
     0 | D:1      | Mgcat the Deep Elf Fire Elementalist began the quest for the Orb.
     0 | D:1      | Reached XP level 1. HP: 10/10 MP: 6/6
   192 | D:1      | Reached XP level 2. HP: 15/15 MP: 4/8
   217 | D:1      | Learned a level 2 spell: Throw Flame
   378 | D:1      | Reached skill level 2 in Conjurations
   869 | D:1      | Reached XP level 3. HP: 19/19 MP: 6/9
   874 | D:1      | Learned a level 3 spell: Conjure Flame
  1009 | D:1      | Reached skill level 4 in Fire Magic
  1155 | D:2      | Found an iron altar of Okawaru.
  1160 | D:2      | Noticed Terence
  1189 | D:2      | Killed Terence
  1396 | D:2      | Reached XP level 4. HP: 18/24 MP: 8/11
  1402 | D:2      | Learned a level 4 spell: Sticky Flame
  1569 | D:2      | Reached skill level 4 in Spellcasting
  1652 | D:2      | Reached skill level 3 in Conjurations
  1882 | D:2      | Found a basalt altar of Yredelemnul.
  2207 | D:3      | Found a sacrificial altar of Ru.
  2211 | D:3      | Found a glowing golden altar of the Shining One.
  2211 | D:3      | Found a bloodstained altar of Trog.
  2220 | D:3      | Found a radiant altar of Vehumet.
  2228 | D:3      | Became a worshipper of Vehumet
  2234 | D:3      | Found a white marble altar of Elyvilon.
  2484 | D:3      | Reached XP level 5. HP: 28/28 MP: 4/13
  2769 | D:3      | Found a blossoming altar of Fedhas.
  3374 | D:4      | Reached skill level 5 in Fire Magic
  3376 | D:4      | Reached skill level 5 in Spellcasting
  3607 | D:4      | Noticed an ogre
  3614 | D:4      | Killed an ogre
  3614 | D:4      | Reached skill level 4 in Conjurations
  3614 | D:4      | Reached XP level 6. HP: 32/32 MP: 2/16
  3848 | D:4      | HP: 4/32 [phantom (6)]
  4054 | D:4      | Reached * piety under Vehumet
  4054 | D:4      | Offered knowledge of Freeze by Vehumet.
  4057 | D:4      | Learned a level 1 spell: Freeze
  4063 | D:4      | Learned a level 5 spell: Fireball
  4390 | D:4      | Reached skill level 6 in Spellcasting
  4390 | D:4      | Reached XP level 7. HP: 36/36 MP: 2/18
  4706 | D:4      | Reached skill level 5 in Conjurations
  4924 | D:4      | Reached skill level 6 in Fire Magic
  4979 | D:5      | Entered Level 5 of the Dungeon
  4999 | D:5      | Reached skill level 1 in Ice Magic
  5097 | D:5      | Reached skill level 3 in Dodging
  5107 | D:5      | Reached skill level 1 in Fighting
  5783 | D:5      | Reached skill level 2 in Ice Magic
  6041 | D:5      | Reached XP level 8. HP: 43/43 MP: 7/20
  6472 | D:5      | Found a staircase to the Ecumenical Temple.
  6587 | D:6      | Reached ** piety under Vehumet
  6587 | D:6      | Offered knowledge of Searing Ray by Vehumet.
  6806 | D:6      | Reached skill level 7 in Spellcasting
  6968 | D:6      | Found a shimmering altar of Xom.
  6969 | D:6      | Found a hazy altar of Hepliaklqana.
  6970 | D:6      | Noticed a spectral ugly thing
  7012 | D:6      | Reached skill level 3 in Stealth
  7169 | D:6      | Reached skill level 4 in Dodging
  7407 | D:6      | Reached skill level 2 in Fighting
  7689 | D:7      | Noticed a hippogriff
  7697 | D:7      | Killed a hippogriff
  7697 | D:7      | Reached skill level 3 in Ice Magic
  7784 | D:7      | Noticed a hippogriff
  7792 | D:7      | Killed a hippogriff
  7792 | D:7      | Reached skill level 4 in Stealth
  7792 | D:7      | Reached skill level 6 in Conjurations
  7792 | D:7      | Reached skill level 7 in Fire Magic
  8025 | D:7      | Noticed Joseph
  8043 | D:7      | Killed Joseph
  8043 | D:7      | Reached XP level 9. HP: 24/49 MP: 12/22
  8419 | D:7      | Found a snail-covered altar of Cheibriados.
  8519 | D:7      | Reached skill level 5 in Dodging
  8533 | D:7      | Offered knowledge of Throw Frost by Vehumet.
  8541 | D:7      | Learned a level 2 spell: Throw Frost
  8581 | D:7      | Reached skill level 8 in Spellcasting
  8646 | D:7      | Reached skill level 4 in Ice Magic
  8841 | D:8      | Noticed Psyche
  8847 | D:8      | Killed Psyche
  8847 | D:8      | Reached skill level 3 in Fighting
  8847 | D:8      | Reached skill level 5 in Stealth
  9048 | D:8      | Found Woppof's Assorted Antiques.
  9594 | D:8      | Reached *** piety under Vehumet
  9639 | D:8      | Found a shimmering altar of Xom.
  9730 | D:8      | Found an ornate altar of the Wu Jian Council.
  9974 | D:8      | Reached skill level 7 in Conjurations
 10117 | D:8      | Reached skill level 6 in Dodging
 10481 | D:9      | Noticed a komodo dragon
 10482 | D:9      | Reached skill level 8 in Fire Magic
 10489 | D:9      | Killed a komodo dragon
 10489 | D:9      | Reached skill level 5 in Ice Magic
 10489 | D:9      | Reached XP level 10. HP: 56/56 MP: 4/24
 10622 | D:9      | Reached skill level 9 in Spellcasting
 10750 | D:9      | Offered knowledge of Stone Arrow by Vehumet.
 10750 | D:9      | Reached skill level 4 in Fighting
 10802 | D:9      | Found a staircase to the Lair.
 11064 | D:9      | Learned a level 4 spell: Cause Fear
 11079 | D:9      | Found a hide-covered altar of Uskayaw.
 11237 | D:9      | Reached skill level 1 in Hexes
 11394 | D:9      | Reached skill level 7 in Dodging
 11400 | D:9      | Reached skill level 2 in Hexes
 11449 | D:9      | Found a staircase to the Orcish Mines.
 11470 | D:9      | Reached **** piety under Vehumet
 11558 | D:9      | Got a warped leather armour
 11747 | D:9      | Offered knowledge of Static Discharge by Vehumet.
 11759 | D:9      | Reached skill level 8 in Conjurations
 11763 | D:9      | HP: 11/58 [killer bee (6)]
 11768 | D:9      | HP: 10/58 [poisoned by a killer bee]
 11776 | D:9      | HP: 10/58 [poisoned by a killer bee]
 12017 | D:9      | Reached skill level 3 in Hexes
 12194 | D:9      | Found a stormy altar of Qazlal.
 12205 | D:9      | Identified the +1 leather armour of the Princeling {-Tele rN+ Str+10 Stlth+} (You took it off an orc on level 9 of the Dungeon)
 12226 | D:10     | Entered Level 10 of the Dungeon
 12282 | D:10     | Noticed medis's ghost (journeyman HOFi)
 12939 | D:10     | Noticed Erolcha
 13095 | D:10     | Reached skill level 9 in Fire Magic
 13100 | D:10     | Reached XP level 11. HP: 62/62 MP: 8/26
 13253 | D:10     | Reached skill level 10 in Spellcasting
 13500 | D:11     | Reached ***** piety under Vehumet
 13574 | D:11     | Reached skill level 4 in Hexes
 13577 | D:11     | Offered knowledge of Orb of Destruction by Vehumet.
 13755 | D:11     | Reached skill level 5 in Fighting
 13980 | D:11     | Reached skill level 8 in Dodging
 14089 | D:11     | Learned a level 6 spell: Bolt of Fire
 14122 | D:10     | Killed Erolcha
 14122 | D:10     | Reached skill level 6 in Stealth
 14468 | D:11     | Noticed a two-headed ogre
 14478 | D:11     | Killed a two-headed ogre
 14478 | D:11     | Reached skill level 5 in Hexes
 14754 | Lair:1   | Entered Level 1 of the Lair of Beasts
 14912 | Lair:1   | Noticed Gastronok
 14924 | Lair:1   | Killed Gastronok
 14924 | Lair:1   | Reached skill level 9 in Conjurations
 14938 | Lair:1   | Reached skill level 7 in Stealth
 15433 | Lair:1   | Reached skill level 11 in Spellcasting
 15433 | Lair:1   | Reached skill level 6 in Hexes
 15535 | Lair:1   | Reached XP level 12. HP: 69/69 MP: 13/29
 15641 | Lair:1   | Reached skill level 9 in Dodging
 15648 | Lair:1   | Reached skill level 6 in Ice Magic
 15841 | Lair:1   | Noticed Fannar
 16081 | Lair:1   | Reached skill level 6 in Fighting
 16081 | Lair:1   | Reached skill level 10 in Fire Magic
 16500 | Lair:1   | Killed Fannar
 16929 | Lair:2   | Found a hole to the Spider Nest.
 16933 | Lair:2   | Reached skill level 8 in Stealth
 17030 | Lair:2   | Noticed an eight-headed hydra
 17033 | Lair:2   | Killed an eight-headed hydra
 17033 | Lair:2   | Reached skill level 7 in Hexes
 17866 | Lair:2   | Reached skill level 7 in Ice Magic
 18201 | Lair:3   | Noticed a seven-headed hydra
 18231 | Lair:2   | Offered knowledge of Lee's Rapid Deconstruction by Vehumet.
 18303 | Lair:3   | Killed a seven-headed hydra
 18303 | Lair:3   | Reached skill level 10 in Conjurations
 18501 | Lair:3   | Found a staircase to the Shoals.
 18624 | Lair:3   | Noticed a seven-headed hydra
 18632 | Lair:3   | Killed a seven-headed hydra
 18632 | Lair:3   | Reached skill level 12 in Spellcasting
 18632 | Lair:3   | Reached XP level 13. HP: 28/76 MP: 7/31
 18644 | Lair:3   | Learned a level 8 spell: Ignition
 19216 | Lair:3   | Reached skill level 9 in Stealth
 19387 | Lair:4   | Reached skill level 10 in Dodging
 19547 | Lair:4   | Reached skill level 8 in Hexes
 19552 | Lair:4   | Noticed an entropy weaver
 20404 | Lair:4   | Killed an entropy weaver
 20862 | Lair:4   | Noticed an entropy weaver
 20865 | Lair:4   | Killed an entropy weaver
 21488 | Lair:4   | Reached skill level 7 in Fighting
 21819 | Lair:4   | Got a translucent broad axe
 21820 | Lair:4   | Identified the cursed +3 broad axe of Gaoceaf {chop, Str+2 Dex+9} (You found it on level 4 of the Lair of Beasts)
 22026 | Lair:5   | Reached skill level 11 in Fire Magic
 22028 | Lair:5   | Found a viscous altar of Jiyva.
 22029 | Lair:5   | Found a staircase to the Slime Pits.
 22562 | Lair:5   | Reached skill level 10 in Stealth
 22759 | Lair:5   | Found the +0 sword of Power
 22953 | Lair:6   | Entered Level 6 of the Lair of Beasts
 23538 | Lair:6   | Reached skill level 12 in Fire Magic
 23633 | Lair:6   | Noticed Snorg
 23637 | Lair:6   | Killed Snorg
 23654 | Lair:6   | Offered knowledge of Lightning Bolt by Vehumet.
 24004 | Lair:6   | Reached skill level 13 in Fire Magic
 24675 | Lair:6   | Reached XP level 14. HP: 82/82 MP: 13/32
 24981 | Lair:6   | Reached skill level 14 in Fire Magic
 25121 | Lair:6   | HP: 8/82 [dire elephant (19)]
 25542 | Orc:1    | Entered Level 1 of the Orcish Mines
 25833 | Orc:2    | Entered Level 2 of the Orcish Mines
 26473 | Orc:2    | Noticed Josephine
 26599 | Orc:2    | HP: 14/82 [wraith[Josephine] (14)]
 26721 | D:9      | Reached skill level 15 in Fire Magic
 26793 | D:9      | HP: 19/82 [wraith[Josephine] (10)]
 26931 | Orc:1    | Offered knowledge of Irradiate by Vehumet.
 27087 | Orc:2    | Killed Josephine
 27501 | Orc:2    | Reached skill level 16 in Fire Magic
 27695 | Orc:2    | Found a roughly hewn altar of Beogh.
 27886 | Orc:2    | Found a staircase to the Elven Halls.
 28520 | Orc:1    | Found Kyno's Assorted Antiques.
 28610 | Orc:2    | Found Ituadu's Distillery.
 28611 | Orc:2    | Found Vuovos's General Store.
 28705 | Orc:2    | Found Burearyeri's Food Boutique.
 28722 | Orc:2    | Found Raurhac's Book Emporium.
 28759 | Orc:2    | Bought a potion of heal wounds for 60 gold pieces
 28759 | Orc:2    | Bought a potion of heal wounds for 60 gold pieces
 28764 | Orc:2    | Bought a potion of curing for 39 gold pieces
 28797 | Orc:1    | Bought a potion of heal wounds for 125 gold pieces
 28797 | Orc:1    | Bought a weird glowing staff for 300 gold pieces
 28797 | Orc:1    | Bought a scroll labeled LOQUOGGARCH for 25 gold pieces
 29433 | D:12     | Offered knowledge of Bolt of Cold by Vehumet.
 29900 | D:12     | Noticed Borgoz's ghost (journeyman GrAK)
 29910 | D:12     | Killed Borgoz's ghost
 30481 | D:13     | Reached XP level 15. HP: 86/86 MP: 21/33
 30624 | D:13     | Reached skill level 11 in Dodging
 30624 | D:13     | Reached skill level 13 in Spellcasting
 31637 | D:13     | Got a spiked ring mail
 31648 | D:13     | Identified the cursed +1 ring mail "Seczocae" {SInv} (You found it on level 13 of the Dungeon)
 31804 | D:14     | Reached skill level 8 in Ice Magic
 32100 | D:14     | Found a gate to the Vaults.
 32107 | D:14     | Found Ufoiliuw's Armour Boutique.
 32120 | D:14     | Bought the +1 ring mail of Morality {rPois MP+9 Int+8 Dex-2} for 672 gold pieces
 32277 | D:14     | Upgraded the game from 0.22-a0-406-g9ff8d77 to 0.22-a0-407-gb098539
 32305 | D:14     | Learned a level 6 spell: Bolt of Cold
 32607 | D:14     | Reached skill level 17 in Fire Magic
 33024 | D:15     | Entered Level 15 of the Dungeon
 33077 | D:15     | Found Reemmace's Armour Shop.
 33102 | D:15     | Bought a +0 buckler for 67 gold pieces
 33105 | D:15     | Found a staircase to the Depths.
 33105 | D:15     | Noticed a fire giant
 33121 | D:15     | Reached skill level 1 in Armour
 33161 | D:15     | Found a frozen archway.
 33384 | D:15     | Reached ****** piety under Vehumet
 33384 | D:15     | Reached skill level 8 in Fighting
 33384 | D:15     | Reached skill level 1 in Shields
 33524 | D:15     | Killed a fire giant
 33629 | D:15     | Offered knowledge of Conjure Ball Lightning by Vehumet.
 33719 | D:15     | Reached skill level 2 in Armour
 34234 | D:15     | Reached skill level 2 in Shields
 34347 | D:15     | Reached skill level 9 in Ice Magic
 34785 | D:15     | Got a crude scale mail
 34814 | D:14     | Identified the +2 scale mail "Waenic" {+Fly rCorr Int-3 SInv} (You found it on level 15 of the Dungeon)
 35070 | Spider:1 | Entered Level 1 of the Spider Nest
 35196 | Spider:1 | HP: 18/89 [wolf spider (11)]
 35196 | Spider:1 | Mangled by an emperor scorpion

Vault maps used:
D:1:      minmay_arrival_semitransparent, minmay_ruptured
D:2:      overflow_temple_1_default, lemuel_crystal_altar, uniq_terence
D:3:      minmay_overflow_temple_star_hex, fedhas_altar_1
D:4:      minmay_stone_trees_medium
D:5:      lemuel_temple_firewalk_b, first_ration
D:6:      regret_index_temple_of_mockery, kennysheep_generic_room_14
D:7:      cheibrodos_worm_habitat, minmay_misc_feat_alley, st_stairs_12,
          uniq_joseph
D:8:      kennysheep_mini, basic_altar, serial_shops, shop, uniq_psyche
D:9:      lemuel_doored_altar, kennysheep_mini_moat, erik_lair_dragon,
          orc_0_dummy, special_room
D:10:     uniq_erolcha
D:12:     serial_aquarium, aquarium_bridge_square, aquarium_bridge_long_joined,
          aquarium_window_corner, aquarium_window_fake, aquarium_window_1,
          aquarium_view_2c, aquarium_view_2b, aquarium_balcony_double_2,
          aquarium_pool_five
D:13:     david_nohive_1
D:14:     david_vaults_2, serial_shops, nicolae_shop_trees,
          nicolae_lava_and_water
D:15:     grunt_enter_depths_giant_problem, portal_ice_cave_entry_imps,
          serial_shops, shop_coins, hangedman_decor_riveting, minivault_15
Lair:1:   beast_lair_carwin_large_1, special_room, kennysheep_rathole,
          uniq_fannar, uniq_gastronok
Lair:2:   minmay_lair_oklob_tunnel, nicolae_spider_entry_orb_guardian,
          grunt_megastairs_2
Lair:3:   minmay_shoals_entry_hut, lemuel_old_faithful
Lair:4:   minivault_25, minivault_29
Lair:5:   slime_altar_1, infiniplex_staircase_pool_2
Lair:6:   due_jungle_book, uniq_snorg
Spider:1: hangedman_spider_trapstep
Orc:1:    serial_shops, shop_fountains, mines3_lemuel
Orc:2:    st_orc_open, basic_altar, uniq_josephine

Skill      XL: |  1  2  3  4  5  6  7  8  9 10 11 12 13 14 15 |
---------------+----------------------------------------------+-----
Conjurations   | 2 3 4 5 6 7 8 9 10 | 10.8
Fire Magic     | 4 5 6 7 8 9 10 13 16 17 | 17.3
Spellcasting   | 4 5 6 7 8 9 11 12 13 | 13.3
Ice Magic      | 2 3 5 7 9 |  9.1
Dodging        | 3 4 6 7 8 9 10 11 | 11.3
Fighting       | 1 2 3 4 5 6 7 8 |  8.4
Stealth        | 4 5 7 8 10 | 10.0
Hexes          | 3 6 7 8 |  8.0
Armour         | 2 |  2.8
Shields        | 2 |  2.5

Action                   |  1- 3 |  4- 6 |  7- 9 | 10-12 | 13-15 || total
-------------------------+-------+-------+-------+-------+-------++-------
Melee: Whip              |     1 |     3 |     5 |    34 |       ||    43
       Staff             |       |       |       |       |     2 ||     2
 Cast: Flame Tongue      |    44 |    72 |   168 |   362 |    52 ||   698
       Throw Flame       |    19 |    61 |   131 |   112 |   505 ||   828
       Conjure Flame     |     2 |     7 |    13 |    44 |    44 ||   110
       Sticky Flame      |       |     6 |    14 |    85 |   153 ||   258
       Freeze            |       |       |     5 |       |     3 ||     8
       Fireball          |       |       |     2 |    33 |   135 ||   170
       Throw Frost       |       |       |       |     1 |     8 ||     9
       Cause Fear        |       |       |       |     1 |     3 ||     4
       Bolt of Fire      |       |       |       |     3 |    55 ||    58
       Ignition          |       |       |       |       |    22 ||    22
       Bolt of Cold      |       |       |       |       |    14 ||    14
Evoke: Wand              |       |       |       |       |    10 ||    10
  Use: Scroll            |     5 |     1 |    11 |     4 |    29 ||    50
       Potion            |       |     1 |       |       |     9 ||    10
  Eat: Chunk             |     2 |    11 |    14 |    22 |    62 ||   111
       Ration            |       |       |     2 |     2 |     5 ||     9
Armor: Robe              |     1 |     2 |     2 |    12 |    55 ||    72
       Ring mail         |       |       |       |       |    37 ||    37
Dodge: Dodged            |     9 |    13 |    55 |   178 |   379 ||   634

Table legend:
 A = Spawn XP
 B = Non-spawn XP
 C = Spawn XP percentage of total XP
 D = Spawn monster count
 E = Non-spawn monster count
 F = Spawn count percentage of total count
 G = Total turns spent on level
                    A         B        C        D         E        F      G
               +---------+---------+-------+---------+---------+-------+---------
         Total |       0 |  141734 |   0.0 |       0 |     763 |   0.0 | 35196
               +---------+---------+-------+---------+---------+-------+---------
           D:1 |       0 |      50 |   0.0 |       0 |      27 |   0.0 |  1091
           D:2 |       0 |     109 |   0.0 |       0 |      18 |   0.0 |  1103
           D:3 |       0 |     148 |   0.0 |       0 |      24 |   0.0 |  1372
           D:4 |       0 |     625 |   0.0 |       0 |      29 |   0.0 |  1890
           D:5 |       0 |     549 |   0.0 |       0 |      19 |   0.0 |  1053
           D:6 |       0 |     546 |   0.0 |       0 |      22 |   0.0 |  1361
           D:7 |       0 |    1539 |   0.0 |       0 |      21 |   0.0 |   930
           D:8 |       0 |    1406 |   0.0 |       0 |      14 |   0.0 |  1500
           D:9 |       0 |    6288 |   0.0 |       0 |      60 |   0.0 |  2630
          D:10 |       0 |    2536 |   0.0 |       0 |      30 |   0.0 |  1233
          D:11 |       0 |    3527 |   0.0 |       0 |      28 |   0.0 |  1217
          D:12 |       0 |    9948 |   0.0 |       0 |      45 |   0.0 |  1656
          D:13 |       0 |    9491 |   0.0 |       0 |      43 |   0.0 |  1447
          D:14 |       0 |   10585 |   0.0 |       0 |      29 |   0.0 |  1259
          D:15 |       0 |   16018 |   0.0 |       0 |      54 |   0.0 |  1538
        Lair:1 |       0 |   10263 |   0.0 |       0 |      47 |   0.0 |  1867
        Lair:2 |       0 |    9467 |   0.0 |       0 |      36 |   0.0 |  1867
        Lair:3 |       0 |    4185 |   0.0 |       0 |      14 |   0.0 |  1937
        Lair:4 |       0 |    8498 |   0.0 |       0 |      45 |   0.0 |  1844
        Lair:5 |       0 |    3577 |   0.0 |       0 |      17 |   0.0 |  1329
        Lair:6 |       0 |   17719 |   0.0 |       0 |      40 |   0.0 |  2036
      Spider:1 |       0 |    4160 |   0.0 |       0 |      15 |   0.0 |    19
         Orc:1 |       0 |    5550 |   0.0 |       0 |      25 |   0.0 |  1904
         Orc:2 |       0 |   14950 |   0.0 |       0 |      61 |   0.0 |  1113
               +---------+---------+-------+---------+---------+-------+---------

Vault maps used:
D:1:      minmay_arrival_semitransparent, minmay_ruptured
D:2:      overflow_temple_1_default, lemuel_crystal_altar, uniq_terence
D:3:      minmay_overflow_temple_star_hex, fedhas_altar_1
D:4:      minmay_stone_trees_medium
D:5:      lemuel_temple_firewalk_b, first_ration
D:6:      regret_index_temple_of_mockery, kennysheep_generic_room_14
D:7:      cheibrodos_worm_habitat, minmay_misc_feat_alley, st_stairs_12,
          uniq_joseph
D:8:      kennysheep_mini, basic_altar, serial_shops, shop, uniq_psyche
D:9:      lemuel_doored_altar, kennysheep_mini_moat, erik_lair_dragon,
          orc_0_dummy, special_room
D:10:     uniq_erolcha
D:12:     serial_aquarium, aquarium_bridge_square, aquarium_bridge_long_joined,
          aquarium_window_corner, aquarium_window_fake, aquarium_window_1,
          aquarium_view_2c, aquarium_view_2b, aquarium_balcony_double_2,
          aquarium_pool_five
D:13:     david_nohive_1
D:14:     david_vaults_2, serial_shops, nicolae_shop_trees,
          nicolae_lava_and_water
D:15:     grunt_enter_depths_giant_problem, portal_ice_cave_entry_imps,
          serial_shops, shop_coins, hangedman_decor_riveting, minivault_15
Lair:1:   beast_lair_carwin_large_1, special_room, kennysheep_rathole,
          uniq_fannar, uniq_gastronok
Lair:2:   minmay_lair_oklob_tunnel, nicolae_spider_entry_orb_guardian,
          grunt_megastairs_2
Lair:3:   minmay_shoals_entry_hut, lemuel_old_faithful
Lair:4:   minivault_25, minivault_29
Lair:5:   slime_altar_1, infiniplex_staircase_pool_2
Lair:6:   due_jungle_book, uniq_snorg
Spider:1: hangedman_spider_trapstep
Orc:1:    serial_shops, shop_fountains, mines3_lemuel
Orc:2:    st_orc_open, basic_altar, uniq_josephine

Table legend:
 A = Turns spent in this place as a percentage of turns spent in the entire game.
 B = Non-inter-level travel turns spent in this place as a percentage of non-inter-level travel turns spent in the entire game.
 C = Inter-level travel turns spent in this place as a percentage of turns spent in this place.
 D = Turns resting spent in this place as a percentage of non-inter-level travel turns spent in this place.
 E = Turns spent auto-exploring this place as a percentage of non-inter-level travel turns spent in this place.
 F = Non-inter-level travel turns spent in this place divided by the number of levels of this place that you've seen.
                   A       B       C       D       E      F
               +-------+-------+-------+-------+-------+----------------------
         Total | 100.0 | 100.0 |   6.2 |   5.7 |  78.0 | 1375.8
       Dungeon |  60.5 |  59.7 |   7.4 |   3.4 |  81.1 | 1313.9
          Lair |  30.9 |  31.6 |   4.2 |   7.1 |  75.5 | 1736.3
   Spider Nest |   0.1 |   0.1 |   0.0 |   0.0 |  15.8 |  19.0
  Orcish Mines |   8.6 |   8.7 |   4.7 |  16.2 |  66.2 | 1437.5
               +-------+-------+-------+-------+-------+----------------------

Table legend:
 A = Kills in this place as a percentage of kills in entire the game.
 B = Kills by you in this place as a percentage of kills by you in the entire game.
 C = Kills by friends in this place as a percentage of kills by friends in the entire game.
 D = Other kills in this place as a percentage of other kills in the entire game.
 E = Experience gained in this place as a percentage of experience gained in the entire game.
 F = Experience gained in this place divided by the number of levels of this place that you have seen.
                   A       B       C       D       E      F
               +-------+-------+-------+-------+-------+----------------------
         Total | 100.0 | 100.0 | 100.0 |   N/A | 100.0 | 5905.6
       Dungeon |  60.7 |  60.8 |   0.0 |   N/A |  44.7 | 4224.3
          Lair |  26.1 |  26.0 | 100.0 |   N/A |  37.9 | 8951.5
   Spider Nest |   2.0 |   2.0 |   0.0 |   N/A |   2.9 | 4160.0
  Orcish Mines |  11.3 |  11.3 |   0.0 |   N/A |  14.5 | 10250.0
               +-------+-------+-------+-------+-------+----------------------
